 Dungeon Crawl Stone Soup version 0.31.0-9-g3a7656b989 (webtiles) character file.

Game seed: 10258803883913140138

246 qw the Shooter (level 5, 0/26 HPs)
             Began as a Spriggan Hunter on Feb 2, 2024.
             Slain by a wight
             ... wielding a +5 halberd
              (16 damage)
             ... on level 4 of the Dungeon.
             The game lasted 00:00:08 (2447 turns).

qw the Shooter (Spriggan Hunter)                    Turns: 2447, Time: 00:00:09

Health: 0/26       AC:  3    Str: 13    XL:     5   Next: 84%
Magic:  6/6        EV: 21    Int: 10    God:
Gold:   192        SH:  0    Dex: 21    Spells: 4/4 levels left

rFire   . . .        a - +1 shortbow (drain)
rCold   . . .        (shield currently unavailable)
rNeg    . . .        c - +0 robe
rPois   .            (helmet restricted)
rElec   .            d - +0 cloak
rCorr   .            (gloves unavailable)
SInv    +            (boots unavailable)
Will    .....        (no amulet)
Stlth   ++           h - +6 ring of strength
HPRegen 0.24/turn    (no ring)
MPRegen 0.10/turn

%: no passive effects
@: very quick
A: very small, no large weapons, unfitting armour, see invisible, speed 3
a: no special abilities


You were on level 4 of the Dungeon.
You visited 1 branch of the dungeon, and saw 4 of its levels.

You collected 192 gold pieces.


Innate Abilities, Weirdness & Mutations

You are very small and have problems with some larger weapons.
You are too small for most types of armour.
You have supernaturally acute eyesight. (SInv)
You cover ground extremely quickly. (Speed+++)


   Skills:
 - Level 2.1 Fighting
 - Level 6.0 Ranged Weapons
 + Level 5.3 Dodging
 - Level 1.5 Stealth


You had 4 spell levels left.
You didn't know any spells.
Your spell library was empty.

Inventory:

Hand Weapons
 a - a +1 shortbow of draining (weapon)
Armour
 c - a +0 robe (worn)
 d - a +0 cloak (worn)
Jewellery
 f - a ring of fire
 h - a +6 ring of strength (left hand)
Potions
 b - a potion of heal wounds {unknown}
 e - a potion of cancellation
 j - a potion of resistance

Dungeon Overview and Level Annotations

Branches:
Dungeon (4/15)
 Temple: D:4-7

Altars:

Shops:
D:3 [


Message History

Found a potion of attraction.
Found a stone staircase leading up.
Things that are here:
a +0 sling; a +0 dagger of pain; a goblin corpse
Enter note:
Found a scale mail.
Found a mace.
An adder comes into view.
Enter note: You shoot an arrow.
The arrow hits the adder!
You drain the adder.
The adder hisses angrily.
The adder is almost dead.
A wight comes into view. It is wielding a +0 dagger.
You shoot an arrow. The arrow barely misses the adder.
The arrow closely misses the wight.
A wight comes into view. It is wielding a +4 scimitar.
You shoot an arrow. The arrow hits the adder!
You kill the adder!
A wight comes into view. It is wielding a +5 halberd.
Your Ranged Weapons skill increases to level 6!
You shoot an arrow. The arrow hits the wight!
The wight is heavily damaged.
You shoot an arrow. The arrow closely misses the wight.
The arrow barely misses the wight.
Enter note:
Enter note:
2443 ||| RETREEEEATING.
You shoot an arrow. The arrow barely misses the wight. x2
The arrow hits the wight but does no damage.
You shoot an arrow. The arrow hits the wight.
The wight is lightly damaged.
You shoot an arrow. The arrow barely misses the wight.
The arrow hits the wight but does no damage.
The wight is heavily damaged.
The wight hits you with a +4 scimitar!
You shoot an arrow. The arrow barely misses the wight.
The arrow hits the wight.
The wight is heavily damaged.
The wight misses you. The wight completely misses you. x2
The wight hits you from afar with a +5 halberd!
Ouch! That really hurt!
You die...

#.....#...<....
..#######.##.!... #.#
#.......> #.# #.####...
#.# #.# ##.. #.# ###.###
##. #.# #.....# ##)
..######.#####.###.###.(
....zzz@.......# #......
..#######..###.###.###.#
#..# #.....# #.#
#>.#####.#####.#
...)...........#
#########.####### ###.#
#...# #.###


You could see 3 wights.

Vanquished Creatures
  A centaur (D:3)
  A scorpion (D:4)
  An iguana (D:4)
  3 adders
  2 dart slugs
  A ribbon worm (D:2)
  3 bats
  8 endoplasms
  A giant cockroach (D:1)
  9 goblins
  4 hobgoblins
  5 kobolds
  4 ball pythons
  A frilled lizard (D:1)
  7 rats
51 creatures vanquished.

Notes
Turn   | Place    | Note
-------+----------+-------------------------------------------
     0 | D:1      | qw the Spriggan Hunter began the quest for the Orb.
     0 | D:1      | Reached XP level 1. HP: 10/10 MP: 2/2
     0 | D:1      | 0 ||| qw: Version: 0.3-a-155-g5e7d8dd
     0 | D:1      | 0 ||| qw: Game counter: 255
     0 | D:1      | 0 ||| qw: Melee chars always use a shield: true
     0 | D:1      | 0 ||| qw: God list: Okawaru
     0 | D:1      | 0 ||| qw: Allow faded altars: false
     0 | D:1      | 0 ||| qw: Do Orc after clearing Dungeon:15 true
     0 | D:1      | 0 ||| qw: Do second Lair branch before Depths: true
     0 | D:1      | 0 ||| qw: Lair rune preference: random
     0 | D:1      | 0 ||| qw: Goals: Normal
     0 | D:1      | 0 ||| PLANNING D:1-11
    60 | D:1      | Reached skill level 3 in Dodging
   180 | D:1      | Reached XP level 2. HP: 14/14 MP: 3/3
   601 | D:1      | 601 ||| UPGRADING to +0 cloak.
   606 | D:1      | 606 ||| READING scroll labelled FOEXAUBLEGOGG.
   606 | D:1      | 606 ||| BRANDING +0 shortbow.
   607 | D:1      | 607 ||| READING 2 scrolls labelled DAZXU BUSOE.
   607 | D:1      | 607 ||| IDENTIFYING golden potion
   608 | D:1      | 608 ||| READING scroll of identify.
   608 | D:1      | 608 ||| IDENTIFYING glowing puce potion
   609 | D:1      | 609 ||| READING scroll labelled AGIFRA QIWKIE.
   609 | D:1      | 609 ||| ENCHANTING +0 shortbow of freezing.
   610 | D:1      | 610 ||| DRINKING 3 bubbling clear potions.
   715 | D:1      | 715 ||| DROPPING scroll of butterflies.
   716 | D:1      | 716 ||| DROPPING 2 potions of berserk rage.
   717 | D:1      | 717 ||| DROPPING potion of invisibility.
   913 | D:2      | Reached XP level 3. HP: 18/18 MP: 4/4
  1102 | D:2      | 1102 ||| READING scroll of brand weapon.
  1102 | D:2      | 1102 ||| BRANDING +1 shortbow of freezing.
  1387 | D:2      | 1387 ||| UPGRADING to +6 ring of strength.
  1388 | D:2      | 1388 ||| READING scroll labelled PAERGH ELOEMP.
  1389 | D:2      | 1389 ||| READING scroll labelled OBBUFYRIOF.
  1390 | D:2      | 1390 ||| DRINKING 2 silvery potions.
  1391 | D:2      | 1391 ||| DROPPING potion of brilliance.
  1666 | D:3      | Noticed a centaur
  1670 | D:3      | Killed a centaur
  1671 | D:3      | Reached skill level 5 in Ranged Weapons
  1671 | D:3      | Reached XP level 4. HP: 8/22 MP: 5/5
  1753 | D:3      | Found Netotez Qoev's Armour Boutique.
  1761 | D:3      | 1761 ||| SHOPLISTING +1 troll leather armour (308 gold,
                  | have 180).
  2001 | D:3      | Reached XP level 5. HP: 25/25 MP: 6/6
  2234 | D:3      | 2234 ||| READING 2 scrolls of identify.
  2234 | D:3      | 2234 ||| IDENTIFYING brown potion
  2235 | D:3      | 2235 ||| READING scroll of identify.
  2235 | D:3      | 2235 ||| IDENTIFYING lumpy orange potion
  2236 | D:3      | 2236 ||| DROPPING potion of attraction.
  2355 | D:4      | 2355 ||| FLEEEEING.
  2356 | D:4      | 2356 ||| FLEEEEING.
  2357 | D:4      | 2357 ||| FLEEEEING.
  2441 | D:4      | Reached skill level 6 in Ranged Weapons
  2443 | D:4      | 2443 ||| RETREEEEATING.
  2447 | D:4      | Slain by a wight

Levels and vault maps discovered:
D:1:      minmay_arrival_wavy_path, layout_basic
D:2:      layout_basic, corexii_leaking_fountain, minmay_box_of_dots
D:3:      layout_loops_corners, serial_shops, nicolae_shop_stone
D:4:      layout_loops_ring, mainiacjoe_overflow_surrounded_room, minmay_cupped

Skill      XL: |  1  2  3  4  5 |
---------------+----------------+-----
Dodging        | 3 4 5 |  5.3
Ranged Weapons | 5 6 |  6.0
Fighting       | 2 |  2.1
Stealth        | |  1.5

Action                     |  1- 3 |  4- 6 || total
---------------------------+-------+-------++-------
   Fire: Shortbow          |    79 |    38 ||   117
    Use: Scroll            |     7 |     2 ||     9
         Potion            |     2 |       ||     2
 Armour: Robe              |     8 |     4 ||    12
  Dodge: Dodged            |    15 |     8 ||    23

Table legend:
 A = Non-vault XP
 B = Vault XP
 C = Vault XP percentage of total XP
 D = Non-vault monster count
 E = Vault monster count
 F = Vault count percentage of total count
                 A         B        C        D         E       F
            +---------+---------+-------+---------+---------+-------
      Total |     337 |      15 |   4.3 |      49 |       2 |   3.9
            +---------+---------+-------+---------+---------+-------
        D:1 |      31 |       0 |   0.0 |      18 |       0 |   0.0
        D:2 |      23 |      15 |  39.5 |      12 |       2 |  14.3
        D:3 |     127 |       0 |   0.0 |      10 |       0 |   0.0
        D:4 |     156 |       0 |   0.0 |       9 |       0 |   0.0
            +---------+---------+-------+---------+---------+-------
